 Dungeon Crawl Stone Soup version 0.27.1 (webtiles) character file.

Game seed: 6664656632338673637

78 r3algoood the Conjurer (level 4, 0/24 HPs)
             Began as a Deep Elf Conjurer on Sept 3, 2021.
             Succumbed to an orc wizard's poison
             ... on level 2 of the Dungeon.
             The game lasted 00:03:26 (2182 turns).

r3algoood the Conjurer (Deep Elf Conjurer)          Turns: 2182, Time: 00:03:27

Health: 0/24       AC:  2    Str:  4    XL:     4   Next: 15%
Magic:  9/20       EV: 12    Int: 24    God:
Gold:   107        SH:  0    Dex: 13    Spells: 7/10 levels left

rFire    . . .     SeeInvis .   (no weapon)
rCold    + . .     Faith    .   (no shield)
rNeg     . . .     Spirit   .   a - +0 robe
rPois    .         Reflect  .   (no helmet)
rElec    .         Harm     .   (no cloak)
rCorr    .         Rampage  .   (no gloves)
Will     .....                  (no boots)
Stlth    ++........             (no amulet)
HPRegen  0.08/turn              b - ring of protection from cold
MPRegen  0.17/turn              h - ring of magical power

@: lethally poisoned (0 -> -9)
A: no striking features
a: no special abilities


You were on level 2 of the Dungeon.
You visited 1 branch of the dungeon, and saw 3 of its levels.

You collected 107 gold pieces.

Inventory:

Armour
 a - a +0 robe (worn)
Jewellery
 b - a ring of protection from cold (left hand)
 e - a ring of positive energy
 h - a ring of magical power (right hand)
Scrolls
 d - a scroll of enchant armour {unknown}
 f - a scroll of teleportation {unknown}
 g - 2 scrolls of identify {unknown}
 i - a scroll of amnesia {unknown}
 k - a scroll of magic mapping {unknown}
Potions
 c - a potion of brilliance {unknown}
 j - 2 potions of curing {unknown}
 l - a potion of attraction {unknown}
 m - a potion of mutation {unknown}
 n - a potion of lignification {unknown}


   Skills:
 + Level 3.0 Dodging
 + Level 3.1 Stealth
 + Level 3.7 Spellcasting
 * Level 5.4 Conjurations


You had 7 spell levels left.
You knew the following spells:

 Your Spells              Type           Power      Damage    Failure   Level
a - Magic Dart            Conj           100%       1d8       1%          1
b - Searing Ray           Conj           60%        3d5       1%          2

Your spell library contained the following spells:

 Spells                   Type           Power      Damage    Failure   Level
 Dazzling Flash           Conj/Hex       34%        N/A       10%         3
 Fulminant Prism          Conj/Hex       8%         3d7       32%         4
 Iskenderun's Mystic Bla  Conj/Tloc      17%        2d5       32%         4


Dungeon Overview and Level Annotations

Branches:
Dungeon (3/15)

Altars:
Ashenzari

Shops:
D:1 (


Message History

Confirm with . or Enter, or press ? or * to list all spells.
You can't see any susceptible monsters within range! (Use Z to cast anyway.) Unknown command.
Casting: Magic Dart (safe; 1% risk of failure)
Confirm with . or Enter, or press ? or * to list all spells.
You can't see any susceptible monsters within range! (Use Z to cast anyway.) Unknown command.
You start resting.
You hear some strange, mumbled words.
Something tries to affect you, but you resist.
You start resting.
You hear some strange, mumbled words.
A magic dart appears from out of thin air!
The magic dart hits you.
Casting: Magic Dart (safe; 1% risk of failure)
Confirm with . or Enter, or press ? or * to list all spells.
You can't see any susceptible monsters within range! (Use Z to cast anyway.) Unknown command.
Something hits you.
There is a stone staircase leading up here.
Something hits you.
You are poisoned.
You climb upwards.
Reactivating autopickup.
You feel very sick.
There is a stone staircase leading down here.
You feel sick. Something hits you but does no damage.
Deactivating autopickup; reactivate with Ctrl-A.
You feel sick.
You feel sick.
You feel sick.
You hear some strange, mumbled words.
Something tries to affect you, but you resist.
You feel sick.
You feel sick.
You feel sick.
You are no longer poisoned.
Something hits you.
* * * LOW HITPOINT WARNING * * *
You are lethally poisoned!
You die...

#########
##########.......#
#.......##.#####.#
#.......##.#####.#
#.............##@#
........##.##.##.#
#.....#.##.....{.#
...#.##.#####.####
#.......# ##.##
####.#### #.>.#
.....# #.#.#
######## #...#
##.....# ###.#


There were no monsters in sight!

Vanquished Creatures
  An orc priest (D:3)
  An adder (D:2)
  2 worms
  3 orcs (D:3)
  2 endoplasms
  3 hobgoblins (D:1)
  3 quokkas
  3 ball pythons
  8 bats
  A goblin (D:1)
  4 rats
31 creatures vanquished.

Notes
Turn   | Place    | Note
-------+----------+-------------------------------------------
     0 | D:1      | r3algoood the Deep Elf Conjurer began the quest for the
                  | Orb.
     0 | D:1      | Reached XP level 1. HP: 10/10 MP: 6/6
    79 | D:1      | Found Bic Daalet's Weapon Shoppe.
   347 | D:1      | Reached XP level 2. HP: 15/15 MP: 6/8
   774 | D:1      | Found a faded altar of an unknown god.
  1341 | D:2      | Reached skill level 5 in Conjurations
  1341 | D:2      | Reached XP level 3. HP: 19/19 MP: 9/9
  2080 | D:2      | Learned a level 2 spell: Searing Ray
  2099 | D:3      | Found a broken altar of Ashenzari.
  2155 | D:3      | Reached XP level 4. HP: 24/24 MP: 5/11
  2182 | D:2      | Succumbed to an orc wizard's poison

Illustrated notes

Levels and vault maps discovered:
D:1:      shiori_shiawase, layout_loops_ring, shapermc_ecumenical_altar_petra,
          serial_shops, shop, chequers_jeans, chequers_big_river,
          minmay_small_reverse_x
D:2:      layout_loops_cross, minmay_misc_feat_hallway
D:3:      layout_basic, nicolae_ashenzari_panopticon,
          nicolae_dithmenos_shadow_blocks, uniq_jessica

Skill      XL: |  1  2  3 |
---------------+----------+-----
Conjurations   | 5 |  5.4
Dodging        | 3 |  3.0
Stealth        | 3 |  3.1
Spellcasting   | |  3.7

Action                   |  1- 3 |  4- 6 || total
-------------------------+-------+-------++-------
 Cast: Magic Dart        |    69 |       ||    69
Armor: Robe              |     2 |     1 ||     3
Dodge: Dodged            |     1 |       ||     1
